 Dungeon Crawl Stone Soup version 0.28.0-53-g5a82cb258f (webtiles) character file.

Game seed: 14156565650947872160

16 sanboga the Covered (level 2, -5/19 HPs)
             Began as a Gargoyle Fighter on June 27, 2022.
             Killed from afar by Sigmund (7 damage)
             ... with a magic dart
             ... on level 2 of the Dungeon.
             The game lasted 00:02:39 (1119 turns).

sanboga the Covered (Gargoyle Fighter)              Turns: 1119, Time: 00:02:39

Health: -5/19      AC: 14    Str: 19    XL:     2   Next: 58%
Magic:  2/2        EV:  5    Int:  8    God:
Gold:   30         SH:  5    Dex: 15    Spells: 1/1 levels left

rFire   . . .      SeeInvis .   a - +0 war axe
rCold   + . .      Faith    .   c - +0 buckler
rNeg    + . .      Spirit   .   m - +0 plate armour
rPois   ∞          Reflect  .   (no helmet)
rElec   +          Harm     .   (no cloak)
rCorr   .          Rampage  .   (no gloves)
Will    .....                   (no boots)
Stlth   ..........              i - amulet of regeneration
HPRegen 0.86/turn               f - +6 ring of dexterity
MPRegen 0.08/turn               b - ring of protection from cold

@: mighty
A: sickness immunity, AC +2, negative energy resistance 1, electricity
resistance, torment resistance 1, petrification resistance
a: no special abilities


You were on level 2 of the Dungeon.
You visited 1 branch of the dungeon, and saw 2 of its levels.

You collected 30 gold pieces.

Inventory:

Hand Weapons
 a - a +0 war axe (weapon)
Armour
 c - a +0 buckler (worn)
 m - a +0 plate armour (worn)
Jewellery
 b - a ring of protection from cold (right hand)
 f - a +6 ring of dexterity (left hand)
 i - an amulet of regeneration (around neck)
Scrolls
 e - 2 scrolls of teleportation {unknown}
 h - a scroll of fog {unknown}
 j - a scroll of summoning {unknown}
Potions
 d - a potion of might
 g - 2 potions of mutation {unknown}
 l - a potion of haste {unknown}


   Skills:
 + Level 3.5 Fighting
 * Level 2.2 Axes
 + Level 3.5 Armour
 + Level 3.5 Shields


You had one spell level left.
You didn't know any spells.
Your spell library contained the following spells:

 Spells                   Type           Power      Damage    Failure   Level
 Animate Skeleton         Necr           0%         N/A       100%        1
 Pain                     Necr           0%         1d4       100%        1
 Corpse Rot               Necr/Air       0%         N/A       100%        2
 Agony                    Necr           0%         N/A       100%        5


Dungeon Overview and Level Annotations

Branches:
Dungeon (2/15)

Altars:
Kikubaaqudgha

Shops:
D:1 [

Annotations:
D:2 Sigmund


Innate Abilities, Weirdness & Mutations

You are immune to sickness and miasma.
Your stone body is resilient. (AC +2)
You are immune to poison.
You resist negative energy. (rN+)
You are resistant to electric shocks. (rElec)
You are resistant to unholy torment.
You are immune to petrification.


Message History

Sigmund gestures at you while chanting. You resist with significant effort.
Sigmund is nearby!
Sigmund is nearby!
You feel very mighty all of a sudden. You block Sigmund's attack.
You barely miss Sigmund. Sigmund hits you but does no damage.
You closely miss Sigmund. Sigmund hits you but does no damage.
You barely miss Sigmund. Sigmund hits you with a +0 scythe.
You closely miss Sigmund. Sigmund hits you but does no damage.
You barely miss Sigmund. Sigmund hits you but does no damage.
You slash Sigmund!
Sigmund is moderately wounded.
Sigmund hits you but does no damage.
You hit Sigmund.
Sigmund is moderately wounded.
Sigmund mumbles some strange words.
Sigmund flickers and vanishes!
Deactivating autopickup; reactivate with Ctrl-A.
You slash something! Something hits you!
Ouch! That really hurt!
You closely miss something.
You hear some strange, mumbled words.
You are confused.
You're too confused to move!
Something completely misses you.
You're too confused to move!
Something hits you but does no damage. Something hits you!
You hear some strange, mumbled words.
Something tries to affect you, but you resist.
Something hits you but does no damage.
You closely miss something.
You feel less confused. Something hits you.
You barely miss something. Something hits you!
* * * LOW HITPOINT WARNING * * *
You miss something.
You hear some strange, mumbled words.
A magic dart appears from out of thin air!
The magic dart hits you!
You die...

....... ...... # #. .......
....... ... #.######.
.......+#......# ... +........
#......... ..##.. #......
#....)..#####...# #......
#.......##......# #.#......
#.......##......######........
###...........................
#.#........@{.# #########
#.#.....###...# # # #.....#
##### # #.....# # ###+#..÷..#
### # ..........# #.# #
#.........########.# #
#.......#..........# #
#.......##.#..####.# #


There were no monsters in sight!

Vanquished Creatures
  A dart slug (D:1)
  2 giant cockroaches (D:1)
  A goblin (D:2)
  A hobgoblin (D:1)
  2 quokkas
  A ball python (D:2)
  3 bats (D:1)
  A frilled lizard (D:2)
  A hobgoblin zombie (D:2)
  2 kobolds (D:1)
  An orc zombie (D:2)
16 creatures vanquished.

Notes
Turn   | Place    | Note
-------+----------+-------------------------------------------
     0 | D:1      | sanboga the Gargoyle Fighter began the quest for the Orb.
     0 | D:1      | Reached XP level 1. HP: 14/14 MP: 1/1
     5 | D:1      | Noticed a demonspawn zombie
    16 | D:1      | Noticed a minotaur zombie
    53 | D:1      | Found a faded altar of an unknown god.
    97 | D:1      | Prayed at the altar of an unknown god.
    97 | D:1      | Became a worshipper of Kikubaaqudgha
    97 | D:1      | Reached * piety under Kikubaaqudgha
    97 | D:1      | Received a gift from Kikubaaqudgha
    98 | D:1      | Fell from the grace of Kikubaaqudgha
   256 | D:1      | Found Ging's Antique Armour Shoppe.
   273 | D:1      | Reached XP level 2. HP: 19/19 MP: 2/2
  1097 | D:2      | Noticed Sigmund
  1119 | D:2      | Killed from afar by Sigmund

Illustrated notes

Levels and vault maps discovered:
D:1:      shiori_arrival_whats_in_store_for_you, layout_loops_ring,
          serial_aquarium, aquarium_bridge_square [aquarium_subvault_bridge,
          aquarium_subvault_wall, aquarium_subvault_bridge,
          aquarium_subvault_bridge], aquarium_bridge_long_joined
          [aquarium_subvault_balcony, aquarium_subvault_bridge,
          aquarium_subvault_window, aquarium_subvault_balcony,
          aquarium_subvault_wall, aquarium_subvault_bridge],
          aquarium_window_fake, aquarium_window_2, aquarium_view_2g,
          aquarium_view_2b, aquarium_balcony_3a, aquarium_pool_1, serial_shops,
          nicolae_shop_statue_plus, dreamdust_ecumenical_altar_statues
D:2:      layout_basic, hangedman_feature_mirror, uniq_sigmund

Skill      XL: |  1 |
---------------+----+-----
Axes           | 2 |  2.2
Fighting       | |  3.5
Armour         | |  3.5
Shields        | |  3.5

Action                   || total
-------------------------++-------
Melee: War axe           ||    57
Invok: Renounce Religion ||     1
  Use: Potion            ||     1
Armor: Scale mail        ||    22
       Plate armour      ||    10
       Chain mail        ||     8
Dodge: Dodged            ||    19
Block: Buckler           ||    12
